 Dungeon Crawl Stone Soup version 0.29.1-12-g30fa7ad0bf (webtiles) character file.

Game seed: 3247355456307882246

577 112233 the Destroyer (level 7, 0/60 HPs)
             Began as a Tengu Conjurer on Dec 22, 2022.
             Was an Initiate of Gozag.
             Slain by an orc warrior
             ... wielding a +0 short sword
              (7 damage)
             ... on level 7 of the Dungeon.
             The game lasted 00:03:40 (5877 turns).

112233 the Destroyer (Tengu Conjurer)               Turns: 5877, Time: 00:03:41

Health: 0/60       AC: 23    Str:  5 (7)  XL:     7   Next: 35%
Magic:  13/13      EV:  2    Int: 19 (21) God:    Gozag
Gold:   343        SH:  0    Dex:  9 (12) Spells: 7/13 levels left

rFire   + . .      SeeInvis .   p - +6 broad axe "Lufife" {venom, rF+ Will+}
rCold   . . .      Faith    .   (no shield)
rNeg    . . .      Spirit   .   (body armour currently unavailable)
rPois   +          Reflect  .   (helmet currently unavailable)
rElec   .          Harm     .   (cloak currently unavailable)
rCorr   .          Rampage  .   (gloves currently unavailable)
Will    +....      NoTele   +   (boots unavailable)
Stlth   ++........              (no amulet)
HPRegen 0.20/turn               (no ring)
MPRegen 0.13/turn               (no ring)

@: mighty, brilliant, tree-form, slowed, very slow
A: stationary, stasis, torment immunity, boosted hp, (beak), (talons 3), nimble
flight
a: Renounce Religion, Potion Petition, Call Merchant, Bribe Branch


You were on level 7 of the Dungeon.
You worshipped Gozag.
Gozag was aware of your devotion.
You were a tree.
You visited 2 branches of the dungeon, and saw 8 of its levels.

You collected 394 gold pieces.
You paid 51 gold pieces to Gozag.

Inventory:

Hand Weapons
 c - a +0 spear
 f - the +3 double sword "Daesu" {drain, rN++ Int+6 Dex-5}
   (You acquired it on level 7 of the Dungeon)

   A truly terrible weapon, it drains the life of any living foe it strikes.
   Int:       It affects your intelligence (+6).
   Dex:       It affects your dexterity (-5).
   rN:        It greatly protects you from negative energy.
 p - the +6 broad axe "Lufife" (weapon) {venom, rF+ Will+}
   (You found it on level 3 of the Dungeon)

   It poisons the flesh of those it strikes.
   rF:        It protects you from fire.
   Will:      It increases your willpower.
Armour
 a - a +0 robe (melded)
Magical Staves
 s - a staff of death
Wands
 o - a wand of mindburst (12)
Scrolls
 d - 6 scrolls of identify
 e - a scroll of teleportation
 k - 2 scrolls of poison
 l - a scroll of enchant weapon {unknown}
 r - a scroll of blinking {unknown}
 t - a scroll of noise {unknown}
 v - 2 scrolls of amnesia {unknown}
Potions
 b - a potion of magic
 g - a potion of flight
 u - a potion of mutation {unknown}
 w - a potion of heal wounds {unknown}


   Skills:
 + Level 2.5 Fighting
 + Level 4.3 Dodging
 - Level 2.9 Stealth
 + Level 3.8 Spellcasting
 * Level 8.0 Conjurations


You had 7 spell levels left.
You knew the following spells:

 Your Spells              Type           Power      Damage    Failure   Level
a - Magic Dart            Conj           100%       1d8       1%          1
b - Searing Ray           Conj           100%       2d8       1%          2
c - Dazzling Flash        Conj/Hex       56%        N/A       9%          3

Your spell library contained the following spells:

 Spells                   Type           Power      Damage    Failure   Level
 Static Discharge         Conj/Air       28%        3-7/arc   4%          2
 Sublimation of Blood     Necr           5%         N/A       22%         2
 Fulminant Prism          Conj/Hex       14%        3d9       26%         4
 Iskenderun's Mystic Bla  Conj/Tloc      28%        2d7       26%         4
 Sticky Flame             Conj/Fire      28%        2d5       26%         4
 Gell's Gravitas          Tloc           5%         N/A       38%         3
 Lesser Beckoning         Tloc           5%         N/A       38%         3
 Teleport Other           Tloc           5%         N/A       38%         3
 Irradiate                Conj/Tmut      14%        3d16      58%         5
 Dispel Undead            Necr           5%         3d7       80%         4
 Petrify                  Tmut/Erth      5%         N/A       80%         4


Dungeon Overview and Level Annotations

Branches:
Dungeon (7/15)             Temple (1/1) D:4

Altars:
Ashenzari
Dithmenos
Elyvilon
Gozag
Hepliaklqana
Kikubaaqudgha
Makhleb
Okawaru
Qazlal
Trog
Wu Jian
Xom
Yredelemnul
Zin
The Shining One

Annotations:
D:5 exclusion: downstairs
D:6 Prince Ribbit


Innate Abilities, Weirdness & Mutations

You are a tree.
Your roots penetrate the ground, keeping you stationary.
You cannot be teleported.
You are immune to unholy pain and torment.
Your maximum health is greatly increased.
Your equipment is partially melded.
((You have a beak for a mouth.))
((You have claws for feet.))
Your magical nature lets you fly swiftly and evasively.


Message History

Unknown command.
Unknown command.
You attack the rock wall.
You feel less invigorated.
You feel less confused.
The orc warrior hits you but does no damage.
The wraith hits you but does no damage.
Unknown command.
As you read the scroll labelled HICZUO UKHOIR, it crumbles to dust.
It is a scroll of identify.
k - 2 scrolls of poison The orc warrior hits you but does no damage.
The wraith hits you but does no damage.
Unknown command.
This is a scroll of acquirement!
Something appears at your feet!
The orc warrior hits you but does no damage.
The wraith hits you.
* * * LOW HITPOINT WARNING * * *
The wraith drains your vigour!
You feel yourself slow down.
Unknown command.
f - the +3 double sword "Daesu" {drain, rN++ Int+6 Dex-5} The orc warrior barely misses you.
The wraith hits you.
* * * LOW HITPOINT WARNING * * *
The orc warrior hits you with a +0 short sword.
* * * LOW HITPOINT WARNING * * *
The wraith hits you but does no damage.
Okay, then.
It was a potion of degeneration.
There was something very wrong with that liquid.
You feel weakened.
You feel dopey.
You feel clumsy.
The orc warrior hits you with a +0 short sword.
* * * LOW HITPOINT WARNING * * *
The wraith hits you but does no damage.
It was a potion of brilliance.
You feel clever all of a sudden.
The orc warrior hits you but does no damage.
The wraith hits you but does no damage.
The orc warrior hits you with a +0 short sword!
You die...
Your body crumbles into a pile of gold.

########
#.......
........
.......###
.......
....##
#W..# #♣o#
####


You could see a wraith and an orc warrior.

Vanquished Creatures
  An ogre (D:5)
  2 necrophages
  A scorpion (D:5)
  3 hounds
  4 iguanas
  2 adders
  2 white imps
  An ufetubus (D:5)
  2 worms (D:4)
  A dart slug (D:1)
  8 orcs
  4 ball pythons
  7 endoplasms
  9 goblins
  3 hobgoblins
  5 jackals
  3 quokkas
  6 bats
  2 frilled lizards
  3 kobolds
  3 rats
72 creatures vanquished.

Notes
Turn   | Place    | Note
-------+----------+-------------------------------------------
     0 | D:1      | 112233 the Tengu Conjurer began the quest for the Orb.
     0 | D:1      | Reached XP level 1. HP: 10/10 MP: 4/4
   350 | D:1      | Reached XP level 2. HP: 15/15 MP: 4/6
   402 | D:1      | Learned a level 2 spell: Searing Ray
   429 | D:1      | Found a faded altar of an unknown god.
   753 | D:1      | Reached XP level 3. HP: 19/19 MP: 3/7
  1740 | D:2      | Found a stormy altar of Qazlal.
  2068 | D:3      | Identified the +6 broad axe "Lufife" {venom, rF+ Will+}
  2112 | D:4      | Reached XP level 4. HP: 24/24 MP: 5/8
  2940 | D:4      | Found a staircase to the Ecumenical Temple.
  2964 | Temple   | Entered the Ecumenical Temple
  2998 | Temple   | Became a worshipper of Gozag Ym Sagoz the Greedy
  3046 | D:4      | Reached skill level 6 in Conjurations
  3298 | D:4      | Learned a level 3 spell: Dazzling Flash
  3308 | D:4      | Gained mutation: Your magical nature lets you fly swiftly
                  | and evasively. [Tengu growth]
  3308 | D:4      | Reached XP level 5. HP: 28/28 MP: 1/10
  4151 | D:5      | Entered Level 5 of the Dungeon
  4185 | D:5      | Reached skill level 1 in Fighting
  4495 | D:5      | Reached XP level 6. HP: 21/34 MP: 3/11
  4671 | D:5      | Reached skill level 7 in Conjurations
  5495 | D:6      | Reached XP level 7. HP: 40/40 MP: 7/13
  5495 | D:6      | Noticed Prince Ribbit
  5731 | D:6      | Reached skill level 8 in Conjurations
  5844 | D:6      | HP: 2/40 [orc priest/divine providence (10)]
  5851 | D:6      | Found a white marble altar of Elyvilon.
  5851 | D:6      | Found a broken altar of Ashenzari.
  5851 | D:6      | Found an iron altar of Okawaru.
  5864 | D:7      | Noticed a wraith
  5874 | D:7      | Identified a scroll of acquirement
  5874 | D:7      | Acquired the +3 double sword "Daesu" {drain, rN++ Int+6
                  | Dex-5}
  5877 | D:7      | Slain by an orc warrior

Illustrated notes

Levels and vault maps discovered:
D:1:      lemuel_arrival_hallway, layout_loops_ring,
          chequers_ecumenical_altar_grove, minmay_pentomino_u4
D:2:      layout_loops_ring, basic_altar
D:3:      layout_basic
D:4:      layout_basic, minmay_temple_entry_waves
D:5:      layout_loops_corners
D:6:      layout_rooms, grunt_temple_overflow_open, minmay_fire_ice_demons,
          uniq_crazy_yiuf_cottage, uniq_prince_ribbit1
D:7:      nzn_winding_woodlands_large [nzn_winding_woodlands_5x5_checkerboard,
          nzn_winding_woodlands_5x15_garden, nzn_winding_woodlands_5x5_three,
          nzn_winding_woodlands_center_diamonds,
          nzn_winding_woodlands_15x15_five_gardens,
          nzn_winding_woodlands_center_garden,
          nzn_winding_woodlands_5x5_open_star,
          nzn_winding_woodlands_5x15_split_checker,
          nzn_winding_woodlands_5x5_cross], layout_cave_pools,
          serial_bayou_pond_c
Temple:   nicolae_temple_two_arcs

Skill      XL: |  1  2  3  4  5  6  7 |
---------------+----------------------+-----
Dodging        | 3 4 |  4.3
Conjurations   | 6 7 8 |  8.0
Fighting       | 1 2 |  2.5
Spellcasting   | 3 |  3.8
Stealth        | |  2.9

Action                   |  1- 3 |  4- 6 |  7- 9 || total
-------------------------+-------+-------+-------++-------
Melee: Spear             |     1 |       |       ||     1
       Broad axe         |       |     1 |       ||     1
 Cast: Magic Dart        |    70 |    66 |    27 ||   163
       Searing Ray       |       |    10 |     3 ||    13
  Use: Potion            |       |       |     9 ||     9
       Scroll            |       |       |     6 ||     6
Armor: Robe              |     1 |       |     1 ||     2
       Skin              |       |       |    15 ||    15
Dodge: Dodged            |     7 |    11 |     7 ||    25
